 Dungeon Crawl Stone Soup version 0.30-a0-743-gbfdf073431 (webtiles) character file.

Game seed: 336977287433400438

2502 cforsyth the Summoner (level 9, 0/45 HPs)
             Began as a Tengu Summoner on Feb 8, 2023.
             Was an Initiate of Gozag.
             Shot with an arrow by a centaur (10 damage)
             ... on level 7 of the Dungeon.
             The game lasted 00:20:42 (8374 turns).

cforsyth the Summoner (Tengu Summoner)              Turns: 8374, Time: 00:20:43

Health: 0/45       AC:  3    Str:  9    XL:     9   Next: 53%
Magic:  19/22      EV: 14    Int: 19    God:    Gozag
Gold:   39         SH:  0    Dex: 15    Spells: 11/24 levels left

rFire   . . .      SeeInvis .    (no weapon)
rCold   . . .      Faith    .    (no shield)
rNeg    . . .      Spirit   .    a - +1 robe
rPois   .          Reflect  .    (helmet restricted)
rElec   .          Harm     .    (no cloak)
rCorr   .          Rampage  .    (no gloves)
Will    +....                    (boots unavailable)
Stlth   ++                       (no amulet)
HPRegen 0.27/turn                t - ring of willpower
MPRegen 0.18/turn                (no ring)

@: flying quickly and evasively, quick
A: beak, talons 3, nimble flight
a: Renounce Religion, Potion Petition, Call Merchant, Bribe Branch


You were on level 7 of the Dungeon.
You worshipped Gozag.
Gozag was noncommittal.
You visited 2 branches of the dungeon, and saw 8 of its levels.
You also visited: Ossuary.

You collected 468 gold pieces.
You spent 330 gold pieces at shops.
You paid 99 gold pieces to Gozag.

Inventory:

Hand Weapons
 y - the +5 short sword of Woitwoig {drain, rPois rN+ Stlth+}
   (You bought it in a shop on level 7 of the Dungeon)

   rPois:     It protects you from poison.
   rN:        It protects you from negative energy.
   Stlth:     It makes you more stealthy.
 G - the +0 long sword of Hilefam {holy, Str+4}
   (You bought it in a shop on level 7 of the Dungeon)

   Str:       It affects your strength (+4).
Missiles
 C - a throwing net
Armour
 a - a +1 robe (worn)
Jewellery
 i - a ring of protection from fire
 r - a ring of protection from cold
 t - a ring of willpower (left hand)
 z - an amulet of the acrobat
Wands
 f - a wand of digging (6)
 D - a wand of charming (3)
Scrolls
 h - a scroll of amnesia {unknown}
 j - 3 scrolls of blinking
 k - 2 scrolls of butterflies
 n - 2 scrolls of enchant armour
 o - 3 scrolls of immolation
 p - 5 scrolls of teleportation
 q - a scroll of magic mapping
 s - a scroll of noise {unknown}
 u - 2 scrolls of fog {unknown}
 v - a scroll of poison {unknown}
 w - a scroll of silence {unknown}
 x - a scroll of enchant weapon
 F - a scroll of fear {unknown}
Potions
 b - 2 potions of magic
 c - 3 potions of lignification
 d - a potion of mutation
 e - 2 potions of might
 g - 2 potions of invisibility
 l - 3 potions of curing
 m - 3 potions of brilliance
 A - a potion of attraction
 B - 2 potions of ambrosia
 E - a potion of haste {unknown}


   Skills:
 - Level 2.1 Dodging
 - Level 2.0 Stealth
 + Level 8.4 Spellcasting
 + Level 11.6 Summonings


You had 11 spell levels left.
You knew the following spells:

 Your Spells              Type           Power      Damage    Failure   Level
a - Summon Small Mammal   Summ           100%       N/A       1%          1
b - Call Imp              Summ           51%        N/A       1%          2
c - Call Canine Familiar  Summ           51%        N/A       1%          3
d - Summon Guardian Gole  Hex/Summ       30%        N/A       2%          3
e - Summon Lightning Spi  Summ/Air       30%        N/A       8%          4

Your spell library contained the following spells:

 Spells                   Type           Power      Damage    Failure   Level
 Blink                    Tloc           16%        N/A       13%         2
 Cigotuvi's Dreadful Rot  Necr/Pois/Air  16%        N/A       13%         2
 Ignite Poison            Fire/Tmut/Pois 8%         N/A       26%         3
 Kindle Blastsparks       Fire/Tloc/Air  16%        2d11      26%         3
 Dispel Undead            Necr           8%         3d8       65%         4
 Manifold Assault         Tloc           8%         N/A       65%         4
 Freezing Cloud           Conj/Ice/Air   4%         6-21      94%         5
 Death Channel            Necr           4%         N/A       100%        6
 Storm Form               Tmut/Air       4%         N/A       100%        7


Dungeon Overview and Level Annotations

Branches:
Dungeon (7/15)             Temple (1/1) D:5         Ossuary (visited)

Altars:
Ashenzari
Cheibriados
Dithmenos
Elyvilon
Fedhas
Gozag
Hepliaklqana
Kikubaaqudgha
Makhleb
Nemelex Xobeh
Okawaru
Qazlal
Sif Muna
Trog
Uskayaw
Vehumet
Wu Jian
Xom
Zin
The Shining One

Shops:
D:5 [   D:7 (

Annotations:
D:5 1 runed translucent door, avis's ghost, novice DgHu


Innate Abilities, Weirdness & Mutations

You have a beak for a mouth.
You have claws for feet.
Your magical nature lets you fly swiftly and evasively.


Message History

The lemure departs this earthly plane. x2
Your Spellcasting skill increases to level 8!
You start resting.
Magic restored.
You start waiting.
Done waiting.
You now have 369 gold pieces (gained 5).
Things that are here:
a +2 whip of electrocution; a +2 robe
There is an entrance to Nimou's Antique Weapon Shop here.
y - the +5 short sword of Woitwoig {drain, rPois rN+ Stlth+}
G - the +0 long sword of Hilefam {holy, Str+4} Thank you for shopping at Nimou's Antique Weapon Shop!
Found a stone staircase leading up.
A centaur and a steam dragon come into view.
The centaur shouts!
The steam dragon hisses angrily.
The centaur wields a +0 shortbow.
The centaur shoots an arrow.
The arrow hits you.
There are monsters nearby!
There are monsters nearby!
There are monsters nearby!
The centaur shoots an arrow.
The arrow hits you.
The centaur shoots an arrow.
The arrow hits you!
The centaur shoots an arrow.
The arrow hits you!
The centaur shoots an arrow.
The arrow barely misses you.
The centaur shoots an arrow.
The arrow completely misses you.
The centaur shoots an arrow.
The arrow hits you!
* * * LOW HITPOINT WARNING * * *
The centaur shoots an arrow.
The arrow closely misses you.
Things that are here:
a +2 whip of electrocution; a +2 robe
Casting: Summon Lightning Spire (quite dangerous; 8% risk of failure)
Confirm with . or Enter, or press ? or * to list all spells.
Found a potion of mutation.
The centaur shoots an arrow.
The arrow hits you.
* * * LOW HITPOINT WARNING * * *
You swap places.
The centaur shoots an arrow.
The arrow hits your wolf.
The centaur shoots an arrow.
The arrow barely misses your wolf. The arrow hits you!
You die...
Your body crumbles into a pile of gold.

#.#...........,$,$,,,,,,,,,,,* **
).#.#####.####*#...,,,,,,,,,,***,
..#.# *,,.# **#..*,,,,,,,,,,##..
..#.#**,*## *,.!.*,***,,****#...
..#..**,* *,#..*,,**,** #...
####.**,* *,#.#**,,,,* #...
*,,,.,,,* ***,#.# *#..## #..<
....>,,,* **,,,#.# #...# *.D.
##..,,,,* *,,**#@# #.#.# ###..
#*,,,,,,***,** #.# #.#.# #....
#*,>,,,,**,,* #.# #.#.#####....
**,,,,,,,,,** #.# #.#.#........
,,,,,,,,,*** #h# #.#.c.##.....
,*,,,,,,,* ##)####...D....#...
**,,,,,,,* #.c#....#>..#####..
********,*#####....#......# ##.
,,,,,,,,,##...........##.## *#


You could see a centaur (ally target) and a friendly wolf (summoned).

Vanquished Creatures
  An orc wizard (D:4)
  2 orcs (D:3)
  A bat (D:2)
  A giant cockroach (D:3)
  A goblin (D:4)
  2 hobgoblins
  A jackal (D:1)
  2 quokkas
11 creatures vanquished.

Vanquished Creatures (collateral kills)
  2 water moccasins
  A black bear (D:5)
  3 ogres
  A lemure (D:7)
  3 centaurs
  A phantom (D:6)
  A bullfrog (D:4)
  A necrophage (D:5)
  4 wights (D:7)
  3 hounds
  A gnoll bouda (D:7)
  4 jellies
  Natasha (twice) (D:4)
  5 iguanas
  An orc wizard (D:3)
  A mummy (Ossuary)
  Robin (D:4)
  4 adders
  5 gnolls (D:7)
  A shadow imp (D:5)
  2 white imps
  An ufetubus (D:5)
  2 worm zombies (D:5)
  2 adder zombies (Ossuary)
  A worm (D:2)
  5 orcs
  3 endoplasms
  4 giant cockroaches
  11 goblins
  7 hobgoblins
  14 jackals
  7 kobolds
  3 quokkas
  3 ball pythons
  7 bats
  2 frilled lizards (D:3)
  A goblin zombie (Ossuary)
  A hobgoblin zombie (Ossuary)
  5 kobold zombies (Ossuary)
  6 quokka zombies (Ossuary)
  7 rats
  3 rat zombies (Ossuary)
142 creatures vanquished.

Vanquished Creatures (others)
  Pikel (D:7)
  A black bear (D:4)
  2 mummies (Ossuary)
  A white imp (D:6)
5 creatures vanquished.

Grand Total: 158 creatures vanquished

Notes
Turn   | Place    | Note
-------+----------+-------------------------------------------
     0 | D:1      | cforsyth the Tengu Summoner began the quest for the Orb.
     0 | D:1      | Reached XP level 1. HP: 10/10 MP: 4/4
   285 | D:1      | Reached skill level 5 in Summonings
   394 | D:1      | Reached XP level 2. HP: 8/15 MP: 3/6
   402 | D:1      | Learned a level 2 spell: Call Imp
  1629 | D:2      | Reached XP level 3. HP: 11/19 MP: 0/8
  1633 | D:2      | Learned a level 3 spell: Call Canine Familiar
  2890 | D:3      | Reached XP level 4. HP: 23/24 MP: 1/9
  3058 | D:3      | Learned a level 3 spell: Summon Guardian Golem
  3326 | D:3      | Reached skill level 6 in Summonings
  3501 | D:3      | Found a shadowy altar of Dithmenos.
  3508 | D:3      | Found a glowing golden altar of the Shining One.
  3509 | D:3      | Found an ornate altar of the Wu Jian Council.
  3510 | D:3      | Found a blossoming altar of Fedhas.
  3710 | D:4      | Noticed Robin
  3943 | D:4      | Noticed a black bear
  3962 | D:4      | Killed a black bear
  3963 | D:4      | Gained mutation: Your magical nature lets you fly swiftly
                  | and evasively. [Tengu growth]
  3963 | D:4      | Reached XP level 5. HP: 28/28 MP: 9/12
  4096 | D:4      | Reached XP level 6. HP: 32/32 MP: 13/13
  4111 | D:4      | Noticed Natasha
  4134 | D:4      | Killed Natasha
  4135 | D:4      | Reached skill level 7 in Summonings
  4819 | D:4      | Found a stormy altar of Qazlal.
  4874 | D:4      | Reached XP level 7. HP: 31/36 MP: 8/15
  4923 | D:4      | Noticed Natasha
  4934 | D:4      | Killed Natasha
  4935 | D:4      | Reached skill level 5 in Spellcasting
  5132 | D:4      | Killed Robin
  5354 | D:5      | Entered Level 5 of the Dungeon
  5379 | D:5      | Found a staircase to the Ecumenical Temple.
  5392 | D:5      | Reached skill level 8 in Summonings
  5608 | D:5      | Found a white marble altar of Elyvilon.
  5669 | D:5      | Reached XP level 8. HP: 15/41 MP: 9/17
  5709 | D:5      | Found a runed translucent door.
  5709 | D:5      | Noticed avis's ghost (novice DgHu)
  5742 | D:5      | Reached skill level 9 in Summonings
  5882 | D:5      | Found Nuotto's Armour Emporium.
  5949 | D:5      | Found a sand-covered staircase.
  5969 | Ossuary  | Entered an ossuary
  6871 | Temple   | Entered the Ecumenical Temple
  6927 | Temple   | Became a worshipper of Gozag Ym Sagoz the Greedy
  7031 | D:6      | Learned a level 4 spell: Summon Lightning Spire
  7311 | D:6      | Reached skill level 10 in Summonings
  7889 | D:7      | Reached XP level 9. HP: 28/45 MP: 11/21
  8033 | D:7      | Reached skill level 11 in Summonings
  8076 | D:7      | Found Nimou's Antique Weapon Shop.
  8150 | D:7      | Noticed Pikel
  8161 | D:7      | Killed Pikel
  8319 | D:7      | Bought an iridescent short sword for 160 gold pieces
  8319 | D:7      | Identified the +5 short sword of Woitwoig {drain, rPois rN+
                  | Stlth+} (You bought it in a shop on level 7 of the Dungeon)
  8319 | D:7      | Bought an ancient long sword for 170 gold pieces
  8319 | D:7      | Identified the +0 long sword of Hilefam {holy, Str+4} (You
                  | bought it in a shop on level 7 of the Dungeon)
  8374 | D:7      | Shot with an arrow by a centaur

Illustrated notes

Levels and vault maps discovered:
D:1:      elethiomel_arrival_infinity_welcomes_careful_drivers, layout_basic
D:2:      layout_basic, due_unseen_surprise
D:3:      layout_basic, minitemple, minivault_27, solitary_fountain
D:4:      layout_loops_ring, mainiacjoe_overflow_alcove_1, uniq_natasha,
          uniq_robin
D:5:      layout_loops_corners, elyvilon_altar_4, minmay_temple_entry_wispy,
          serial_shops, nicolae_shop_crystal, hellmonk_ghost_happy_afterlife,
          enter_ossuary_3, kennysheep_generic_room_3
D:6:      layout_rooms, feat_on_display
D:7:      layout_rooms, amcnicky_altar_gilded, serial_shops,
          nicolae_shop_advertising_works [nicolae_subvault_shop_adworks],
          uniq_pikel
Temple:   zaba_magenta_temple

Skill      XL: |  1  2  3  4  5  6  7  8  9 |
---------------+----------------------------+-----
Summonings     | 5 6 7 8 10 11 | 11.6
Spellcasting   | 3 4 5 7 8 |  8.4
Dodging        | |  2.1
Stealth        | |  2.0

Action                     |  1- 3 |  4- 6 |  7- 9 || total
---------------------------+-------+-------+-------++-------
  Melee: Unarmed           |    13 |    51 |    20 ||    84
         Kick              |     4 |    17 |    11 ||    32
         Peck              |     2 |     6 |     4 ||    12
   Cast: Summon Small Mamm |    43 |    14 |    30 ||    87
         Call Imp          |     9 |     7 |    17 ||    33
         Call Canine Famil |    10 |    20 |    23 ||    53
         Summon Guardian G |       |     2 |    16 ||    18
         Summon Lightning  |       |       |     5 ||     5
    Use: Scroll            |       |     8 |     9 ||    17
   Stab: Distracted        |       |     3 |     1 ||     4
 Armour: Robe              |     8 |    11 |    11 ||    30
  Dodge: Dodged            |    54 |    54 |    62 ||   170

Table legend: (Time is in decaauts)
 A = Elapsed time spent in this place.
 B = Non-inter-level travel time spent in this place.
 C = Inter-level travel time spent in this place.
 D = Time resting spent in this place.
 E = Time spent auto-exploring this place.
 F = Levels seen in this place.
 G = Mean time per level.
                   A        B        C        D        E       F      G
               +--------+--------+--------+--------+--------+-----+--------+
         Total |   8146 |   7920 |    226 |    442 |   5441 |   9 |  905.1 |
       Dungeon |   7792 |   7582 |    210 |    374 |   5360 |   7 | 1113.1 |
        Temple |     66 |     50 |     16 |      0 |     36 |   1 |   66.0 |
       Ossuary |    287 |    287 |      0 |     68 |     43 |   1 |  287.0 |
               +--------+--------+--------+--------+--------+-----+--------+

Top non-repeatable levels by time:
     D:1: 1556 daAuts
     D:2: 1327 daAuts
     D:4: 1239 daAuts
     D:5: 1178 daAuts
     D:3: 1172 daAuts
     D:6: 726 daAuts
     D:7: 592 daAuts
 Ossuary: 287 daAuts
  Temple: 66 daAuts
